[ AOE2 MATCH · #477837515 ]
UnrankedMongols vs Slavs
Player's team · LOSS
[ REPLAY ANALYSIS · EXTRACTED FROM THE RECORDED GAME ]
Feudal
—
Castle
—
Imperial
—
| APM avg | 37.2 |
| APM peak | 112 |
| eAPM avg | 7.5 |
| Villagers / military | 0 / 0 |
Focus
⚔️ 100.0% · 🌾 0.0%
Feudal
—
Castle
—
Imperial
—
| APM avg | 31.3 |
| APM peak | 52 |
| eAPM avg | 10.8 |
| Villagers / military | 0 / 0 |
Focus
⚔️ 97.7% · 🌾 2.3%
Feudal
—
Castle
—
Imperial
—
| APM avg | 61.2 |
| APM peak | 158 |
| eAPM avg | 43.3 |
| Villagers / military | 0 / 205 |
Focus
⚔️ 99.6% · 🌾 0.4%
Cavalry Archer ×105 · Knight ×100
Feudal
—
Castle
—
Imperial
—
| APM avg | 33.2 |
| APM peak | 61 |
| eAPM avg | 13.0 |
| Villagers / military | 0 / 0 |
Focus
⚔️ 100.0% · 🌾 0.0%
Feudal
—
Castle
—
Imperial
—
| APM avg | 36.0 |
| APM peak | 74 |
| eAPM avg | 19.2 |
| Villagers / military | 0 / 827 |
Focus
⚔️ 92.9% · 🌾 7.1%
Camel Scout ×737 · Elephant Archer ×90
Feudal
—
Castle
—
Imperial
—
| APM avg | 21.4 |
| APM peak | 49 |
| eAPM avg | 11.0 |
| Villagers / military | 0 / 584 |
Focus
⚔️ 93.3% · 🌾 6.7%
Knight ×584
Feudal
—
Castle
—
Imperial
—
| APM avg | 68.8 |
| APM peak | 117 |
| eAPM avg | 13.0 |
| Villagers / military | 0 / 0 |
Focus
⚔️ 93.8% · 🌾 6.2%
Feudal
—
Castle
—
Imperial
—
| APM avg | 11.2 |
| APM peak | 35 |
| eAPM avg | 2.5 |
| Villagers / military | 0 / 0 |
Focus
⚔️ 100.0% · 🌾 0.0%
Match map
Initial resources + every placement click. Lines = walls · curves = elevation contours. ◆ gold · ⬟ stone · ● berries · ✦ relic · ◌ wall gap
Your base· ✓ Map-separated
Aster's base· Open
will's base· Open
Champion9482's base· ✓ Map-separated
Psyminds's base· Open
Emilia LiL Uzi's base· Open
SirJb's base· Open
Neurod Canon's base· Open
Smoothed initial terrain · ◌ = detected wall gap · hover for details
Inputs per minute
— Jam_Boy - - Aster
Build order — Jam_Boy
24 actions detected in the replay
| 12:48 | Research | Ballistics |
| 12:50 | Research | Bodkin Arrow |
| 13:06 | Research | Nomads |
| 14:19 | Research | Guard Tower (upgrade) |
| 14:21 | Research | Leather Archer Armor |
| 17:02 | Research | Iron Casting |
| 19:00 | Research | Chain Barding Armor |
| 19:03 | Research | Tech 909 |
| 19:58 | Research | Spies/Treason |
| 20:00 | Research | Conscription |
| 20:02 | Research | Drill |
| 20:04 | Research | Elite Mangudai (upgrade) |
| 20:07 | Research | Bracer |
| 20:10 | Research | Chemistry |
| 20:12 | Research | Siege Engineers |
| 20:16 | Research | Shipwright |
| 20:16 | Research | Tech 908 |
| 20:17 | Research | Careening |
| 20:20 | Research | Chain Mail Armor |
| 20:21 | Research | Blast Furnace |
| 20:24 | Research | Sappers |
| 23:10 | Research | Plate Mail Armor |
| 27:29 | Build | Stone Wall |
| 27:50 | Build | Archery Range |
Build order — Aster
32 actions detected in the replay
| 10:43 | Build | Stone Wall |
| 11:08 | Build | Stone Wall |
| 11:59 | Build | Stone Wall |
| 14:04 | Build | Stable |
| 14:06 | Build | Stable |
| 14:07 | Build | Stable |
| 14:31 | Build | Archery Range |
| 14:34 | Build | Archery Range |
| 16:44 | Build | Archery Range |
| 16:47 | Build | Archery Range |
| 17:28 | Build | Stable |
| 17:29 | Build | Stable |
| 18:42 | Build | Archery Range |
| 18:46 | Build | Archery Range |
| 20:15 | Build | Archery Range |
| 21:14 | Build | Archery Range |
| 21:17 | Build | Archery Range |
| 21:22 | Build | Archery Range |
| 21:33 | Build | Archery Range |
| 21:37 | Build | Archery Range |
| 25:05 | Build | Stable |
| 25:07 | Build | Stable |
| 25:08 | Build | Stable |
| 27:12 | Research | Husbandry |
| 27:18 | Research | Bodkin Arrow |
| 27:18 | Research | Leather Archer Armor |
| 27:19 | Research | Iron Casting |
| 27:20 | Research | Chain Mail Armor |
| 27:22 | Research | Ballistics |
| 27:23 | Research | Guard Tower (upgrade) |
| 27:24 | Research | Tech 908 |
| 27:25 | Research | Careening |
Build order — will
119 actions detected in the replay
| 5:55 | Build | Stable |
| 5:59 | Build | Archery Range |
| 6:01 | Build | Archery Range |
| 6:07 | Build | Archery Range |
| 6:08 | Build | Stable |
| 6:10 | Build | Stable |
| 6:37 | Build | Stable |
| 7:49 | Research | Bloodlines |
| 7:49 | Research | Bloodlines |
| 7:58 | Build | Archery Range |
| 8:04 | Build | Stable |
| 8:06 | Build | Stable |
| 8:06 | Build | Stable |
| 8:07 | Build | Stable |
| 10:59 | Build | Stable |
| 11:00 | Build | Stable |
| 14:05 | Build | Archery Range |
| 15:12 | Build | Stable |
| 15:12 | Build | Stable |
| 15:14 | Build | Stable |
| 15:15 | Build | Stable |
| 15:17 | Build | Stable |
| 15:18 | Build | Stable |
| 15:19 | Build | Stable |
| 22:21 | Build | Stable |
| 22:32 | Build | Stable |
| 22:34 | Build | Stable |
| 22:35 | Build | Stable |
| 22:37 | Build | Stable |
| 22:54 | Build | Stable |
| 22:55 | Build | Stable |
| 22:57 | Build | Stable |
| 23:00 | Build | Stable |
| 23:01 | Build | Stable |
| 23:03 | Build | Stable |
| 23:05 | Build | Stable |
| 23:06 | Build | Stable |
| 23:31 | Research | Husbandry |
| 23:33 | Research | Iron Casting |
| 23:34 | Research | Chain Barding Armor |
| 23:35 | Research | Bodkin Arrow |
| 23:35 | Research | Leather Archer Armor |
| 23:35 | Research | Leather Archer Armor |
| 23:36 | Research | Chain Mail Armor |
| 23:37 | Research | Treadmill Crane |
| 23:38 | Research | Ballistics |
| 23:38 | Research | Guard Tower (upgrade) |
| 23:39 | Research | Hill Forts |
| 23:40 | Research | Hill Forts |
| 23:41 | Research | Thumb Ring |
| 23:41 | Research | Crossbowman (upgrade) |
| 23:42 | Research | Elite Skirmisher (upgrade) |
| 23:46 | Research | Light Cavalry (upgrade) |
| 23:46 | Research | Light Cavalry (upgrade) |
| 24:03 | Build | Stable |
| 24:05 | Build | Stable |
| 24:08 | Build | Stable |
| 24:11 | Build | Stable |
| 24:23 | Build | Stable |
| 24:49 | Create | Cavalry Archer ×5 |
| 24:49 | Create | Cavalry Archer ×5 |
| 24:50 | Create | Cavalry Archer ×5 |
| 24:50 | Create | Cavalry Archer ×5 |
| 24:50 | Create | Cavalry Archer ×5 |
| 24:50 | Create | Cavalry Archer ×5 |
| 24:51 | Create | Cavalry Archer ×5 |
| 24:51 | Create | Cavalry Archer ×5 |
| 24:51 | Create | Cavalry Archer ×5 |
| 24:52 | Create | Cavalry Archer ×5 |
| 24:52 | Create | Cavalry Archer ×5 |
| 24:52 | Create | Cavalry Archer ×5 |
| 24:53 | Create | Cavalry Archer ×5 |
| 25:00 | Create | Knight ×5 |
| 25:01 | Create | Knight ×5 |
| 25:01 | Create | Knight ×5 |
| 25:01 | Create | Knight ×5 |
| 25:01 | Create | Knight ×5 |
| 25:02 | Create | Knight ×5 |
| 25:02 | Create | Knight ×5 |
| 25:26 | Create | Knight ×5 |
| 25:26 | Create | Knight ×5 |
| 25:26 | Create | Knight ×5 |
| 25:27 | Create | Knight ×5 |
| 25:27 | Create | Knight ×5 |
| 25:27 | Create | Knight ×5 |
| 25:28 | Create | Cavalry Archer ×5 |
| 25:29 | Create | Cavalry Archer ×5 |
| 25:29 | Create | Cavalry Archer ×5 |
| 25:41 | Build | Monastery |
| 25:43 | Build | Monastery |
| 26:01 | Build | Stable |
| 26:02 | Build | Stable |
| 26:08 | Build | Stable |
| 26:09 | Build | Stable |
| 26:13 | Build | Stable |
| 26:15 | Build | Stable |
| 26:18 | Build | Stable |
| 26:31 | Create | Knight ×5 |
| 26:31 | Create | Knight ×5 |
| 26:32 | Create | Cavalry Archer ×5 |
| 26:33 | Create | Cavalry Archer ×5 |
| 26:33 | Create | Cavalry Archer ×5 |
| 27:02 | Create | Knight ×5 |
| 27:02 | Create | Knight ×5 |
| 27:02 | Create | Knight ×5 |
| 27:02 | Create | Knight ×5 |
| 27:02 | Create | Knight ×5 |
| 27:03 | Create | Cavalry Archer ×5 |
| 27:03 | Create | Cavalry Archer ×5 |
| 27:36 | Build | Stable |
| 27:37 | Build | Stable |
| 27:38 | Build | Stable |
| 27:39 | Build | Stable |
| 27:40 | Build | Stable |
| 27:41 | Build | Stable |
| 27:42 | Build | Stable |
| 27:43 | Build | Stable |
| 27:44 | Build | Stable |
| 27:45 | Build | Stable |
Build order — Champion9482
9 actions detected in the replay
| 26:14 | Research | Iron Casting |
| 26:15 | Research | Bodkin Arrow |
| 26:15 | Research | Leather Archer Armor |
| 26:16 | Research | Chain Barding Armor |
| 26:17 | Research | Chain Mail Armor |
| 26:19 | Research | Ballistics |
| 26:20 | Research | Guard Tower (upgrade) |
| 26:21 | Research | Tech 909 |
| 26:25 | Research | Medical Corps |
Build order — Psyminds
First 150 of 245 actions detected
| 5:59 | Build | Stable |
| 6:00 | Build | Stable |
| 6:01 | Build | Stable |
| 6:03 | Build | Stable |
| 6:09 | Build | Archery Range |
| 6:11 | Build | Archery Range |
| 6:12 | Build | Archery Range |
| 6:14 | Build | Archery Range |
| 6:18 | Build | Stable |
| 6:19 | Build | Stable |
| 6:20 | Build | Stable |
| 6:22 | Build | Stable |
| 6:28 | Build | Stable |
| 6:30 | Build | Stable |
| 6:31 | Build | Stable |
| 6:33 | Build | Stable |
| 6:56 | Build | Stone Wall |
| 16:01 | Build | Archery Range |
| 16:06 | Build | Stable |
| 16:14 | Research | Bloodlines |
| 16:20 | Create | Camel Scout ×5 |
| 16:21 | Create | Camel Scout ×5 |
| 16:21 | Create | Camel Scout ×5 |
| 16:21 | Create | Camel Scout ×5 |
| 16:22 | Create | Camel Scout ×5 |
| 16:22 | Create | Camel Scout ×5 |
| 16:22 | Create | Camel Scout ×5 |
| 16:23 | Create | Camel Scout |
| 16:23 | Create | Camel Scout ×5 |
| 16:23 | Create | Camel Scout ×5 |
| 16:24 | Create | Camel Scout ×5 |
| 16:24 | Create | Camel Scout ×5 |
| 16:24 | Create | Camel Scout ×5 |
| 16:25 | Create | Camel Scout ×5 |
| 16:25 | Create | Camel Scout ×5 |
| 16:26 | Create | Camel Scout ×5 |
| 16:26 | Create | Camel Scout ×5 |
| 16:26 | Create | Camel Scout ×5 |
| 16:27 | Create | Camel Scout ×5 |
| 16:27 | Create | Camel Scout ×5 |
| 16:27 | Create | Camel Scout ×5 |
| 16:28 | Create | Camel Scout ×5 |
| 16:28 | Create | Camel Scout ×5 |
| 16:28 | Create | Camel Scout ×5 |
| 16:29 | Create | Camel Scout ×5 |
| 16:29 | Create | Camel Scout |
| 16:29 | Create | Camel Scout ×5 |
| 16:30 | Create | Camel Scout ×5 |
| 16:30 | Create | Camel Scout ×5 |
| 16:31 | Create | Camel Scout ×5 |
| 16:31 | Create | Camel Scout ×5 |
| 16:31 | Create | Camel Scout ×5 |
| 17:04 | Create | Camel Scout ×5 |
| 17:04 | Create | Camel Scout ×5 |
| 17:04 | Create | Camel Scout ×5 |
| 17:04 | Create | Camel Scout ×5 |
| 17:05 | Create | Camel Scout |
| 17:05 | Create | Camel Scout ×5 |
| 17:06 | Create | Camel Scout ×5 |
| 17:06 | Create | Camel Scout ×5 |
| 17:06 | Create | Camel Scout ×3 |
| 17:15 | Build | Stable |
| 17:16 | Build | Stable |
| 17:17 | Build | Stable |
| 17:18 | Build | Stable |
| 17:20 | Build | Stable |
| 17:21 | Build | Stable |
| 17:22 | Build | Stable |
| 17:27 | Build | Watch Tower |
| 19:17 | Build | Stable |
| 19:19 | Build | Stable |
| 19:20 | Build | Stable |
| 19:21 | Build | Stable |
| 19:22 | Build | Stable |
| 19:59 | Create | Camel Scout ×5 |
| 19:59 | Create | Camel Scout ×5 |
| 19:59 | Create | Camel Scout ×5 |
| 19:59 | Create | Camel Scout ×5 |
| 20:00 | Create | Camel Scout |
| 20:00 | Create | Camel Scout ×5 |
| 20:00 | Create | Camel Scout ×5 |
| 20:01 | Create | Camel Scout ×5 |
| 20:01 | Create | Camel Scout ×5 |
| 20:01 | Create | Camel Scout ×5 |
| 20:02 | Create | Camel Scout ×5 |
| 20:02 | Create | Camel Scout ×5 |
| 20:02 | Create | Camel Scout ×5 |
| 20:13 | Research | Chain Barding Armor |
| 20:14 | Research | Iron Casting |
| 20:14 | Research | Bodkin Arrow |
| 20:15 | Research | Leather Archer Armor |
| 20:15 | Research | Chain Mail Armor |
| 20:18 | Research | Treadmill Crane |
| 20:19 | Research | Ballistics |
| 20:19 | Research | Guard Tower (upgrade) |
| 20:20 | Research | Tech 908 |
| 20:20 | Research | Careening |
| 20:24 | Create | Camel Scout ×5 |
| 20:24 | Create | Camel Scout ×5 |
| 20:25 | Create | Camel Scout ×5 |
| 20:25 | Create | Camel Scout ×5 |
| 20:25 | Create | Camel Scout |
| 20:26 | Create | Camel Scout ×5 |
| 20:26 | Create | Camel Scout ×5 |
| 20:27 | Create | Camel Scout ×5 |
| 20:27 | Create | Camel Scout ×5 |
| 20:27 | Create | Camel Scout ×5 |
| 20:28 | Create | Camel Scout ×5 |
| 20:28 | Create | Camel Scout ×5 |
| 20:28 | Create | Camel Scout ×5 |
| 20:29 | Create | Camel Scout ×5 |
| 20:31 | Research | Thumb Ring |
| 20:33 | Create | Elephant Archer ×5 |
| 20:33 | Create | Elephant Archer ×5 |
| 20:34 | Create | Elephant Archer ×5 |
| 20:34 | Create | Elephant Archer ×5 |
| 20:34 | Create | Elephant Archer |
| 20:35 | Create | Elephant Archer ×5 |
| 20:35 | Create | Elephant Archer ×5 |
| 20:35 | Create | Elephant Archer ×5 |
| 20:36 | Create | Elephant Archer ×5 |
| 20:36 | Create | Elephant Archer ×5 |
| 20:37 | Create | Elephant Archer ×5 |
| 20:37 | Create | Elephant Archer ×5 |
| 20:37 | Create | Elephant Archer ×5 |
| 20:38 | Create | Elephant Archer ×3 |
| 20:40 | Research | Husbandry |
| 21:12 | Create | Camel Scout ×5 |
| 21:13 | Create | Camel Scout ×5 |
| 21:13 | Create | Camel Scout ×5 |
| 21:13 | Create | Camel Scout ×5 |
| 21:14 | Create | Camel Scout |
| 21:14 | Create | Camel Scout ×5 |
| 21:15 | Create | Camel Scout ×5 |
| 21:15 | Create | Camel Scout ×5 |
| 21:16 | Create | Camel Scout ×5 |
| 21:16 | Create | Camel Scout ×5 |
| 21:16 | Create | Camel Scout ×5 |
| 21:56 | Create | Camel Scout ×5 |
| 21:57 | Create | Camel Scout ×5 |
| 21:57 | Create | Camel Scout ×5 |
| 21:57 | Create | Camel Scout ×5 |
| 21:58 | Create | Camel Scout ×5 |
| 21:58 | Create | Camel Scout ×5 |
| 21:58 | Create | Camel Scout |
| 21:59 | Create | Camel Scout ×5 |
| 21:59 | Create | Camel Scout |
| 22:00 | Create | Camel Scout ×5 |
| 22:00 | Create | Camel Scout ×5 |
| 22:00 | Create | Camel Scout ×5 |
Build order — Emilia LiL Uzi
First 150 of 180 actions detected
| 9:22 | Build | Stable |
| 9:24 | Build | Stable |
| 12:37 | Build | Stable |
| 12:40 | Build | Stable |
| 12:42 | Build | Stable |
| 12:43 | Build | Stable |
| 12:44 | Build | Stable |
| 12:48 | Build | Stable |
| 12:50 | Build | Stable |
| 12:51 | Build | Stable |
| 12:54 | Build | Stable |
| 12:56 | Build | Stable |
| 12:58 | Build | Stable |
| 12:59 | Build | Stable |
| 13:01 | Build | Stable |
| 13:03 | Build | Stable |
| 13:04 | Build | Stable |
| 14:42 | Research | Bloodlines |
| 19:32 | Research | Husbandry |
| 19:33 | Create | Knight ×5 |
| 19:33 | Create | Knight ×5 |
| 19:34 | Create | Knight ×5 |
| 19:34 | Create | Knight ×5 |
| 19:35 | Create | Knight ×5 |
| 19:35 | Create | Knight ×5 |
| 19:36 | Create | Knight ×5 |
| 19:36 | Create | Knight ×5 |
| 19:37 | Create | Knight ×5 |
| 19:37 | Create | Knight ×5 |
| 19:37 | Create | Knight ×5 |
| 19:38 | Create | Knight ×5 |
| 19:39 | Create | Knight ×5 |
| 19:41 | Research | Chain Barding Armor |
| 19:41 | Research | Chain Barding Armor |
| 19:41 | Research | Iron Casting |
| 19:42 | Research | Chain Mail Armor |
| 19:43 | Research | Bodkin Arrow |
| 19:43 | Research | Leather Archer Armor |
| 19:46 | Research | Ballistics |
| 19:46 | Research | Careening |
| 19:47 | Research | Tech 908 |
| 19:47 | Research | Guard Tower (upgrade) |
| 19:48 | Research | Tech 909 |
| 19:48 | Research | Tech 909 |
| 19:48 | Research | Tech 909 |
| 20:04 | Research | Tusk Swords |
| 20:11 | Create | Knight ×5 |
| 20:11 | Create | Knight ×5 |
| 20:12 | Create | Knight ×5 |
| 20:12 | Create | Knight ×5 |
| 20:14 | Create | Knight ×5 |
| 20:15 | Create | Knight ×5 |
| 20:15 | Create | Knight ×5 |
| 20:16 | Create | Knight ×5 |
| 20:16 | Create | Knight ×5 |
| 20:16 | Create | Knight ×5 |
| 20:17 | Create | Knight ×5 |
| 20:17 | Create | Knight ×5 |
| 20:18 | Create | Knight ×5 |
| 20:18 | Create | Knight ×5 |
| 20:19 | Create | Knight ×5 |
| 20:19 | Create | Knight ×5 |
| 20:19 | Create | Knight ×5 |
| 20:20 | Create | Knight ×5 |
| 20:20 | Create | Knight ×5 |
| 20:21 | Create | Knight ×5 |
| 20:21 | Create | Knight ×5 |
| 20:22 | Create | Knight ×5 |
| 20:22 | Create | Knight ×5 |
| 20:22 | Create | Knight ×5 |
| 20:23 | Create | Knight ×5 |
| 20:23 | Create | Knight ×5 |
| 20:24 | Create | Knight ×5 |
| 21:24 | Build | Stable |
| 21:26 | Build | Stable |
| 21:28 | Build | Stable |
| 21:31 | Build | Stable |
| 21:33 | Build | Stable |
| 21:36 | Build | Stable |
| 21:38 | Build | Stable |
| 21:40 | Build | Stable |
| 21:43 | Build | Stable |
| 21:49 | Build | Stable |
| 21:52 | Build | Stable |
| 21:59 | Build | Stable |
| 22:03 | Build | Stable |
| 22:41 | Create | Knight ×5 |
| 22:41 | Create | Knight ×5 |
| 22:42 | Create | Knight ×5 |
| 22:42 | Create | Knight ×5 |
| 22:43 | Create | Knight ×5 |
| 22:43 | Create | Knight ×5 |
| 22:43 | Create | Knight ×5 |
| 22:44 | Create | Knight ×5 |
| 22:49 | Build | Stone Wall |
| 22:54 | Build | Gate |
| 23:13 | Build | Gate |
| 23:23 | Create | Knight ×5 |
| 23:23 | Create | Knight ×5 |
| 23:24 | Create | Knight ×5 |
| 23:24 | Create | Knight ×5 |
| 23:25 | Create | Knight ×5 |
| 23:26 | Create | Knight ×5 |
| 23:26 | Create | Knight ×5 |
| 23:27 | Create | Knight ×5 |
| 23:35 | Create | Knight ×5 |
| 23:35 | Create | Knight ×5 |
| 23:36 | Create | Knight ×5 |
| 23:36 | Create | Knight ×5 |
| 23:36 | Create | Knight ×5 |
| 23:45 | Create | Knight ×5 |
| 23:45 | Create | Knight ×5 |
| 23:47 | Create | Knight ×5 |
| 23:47 | Create | Knight ×5 |
| 23:48 | Create | Knight ×5 |
| 23:48 | Create | Knight ×5 |
| 23:49 | Create | Knight ×5 |
| 23:49 | Create | Knight ×5 |
| 23:50 | Create | Knight ×5 |
| 23:50 | Create | Knight ×5 |
| 23:50 | Create | Knight ×5 |
| 23:51 | Create | Knight ×5 |
| 23:51 | Create | Knight ×5 |
| 23:52 | Create | Knight ×5 |
| 23:52 | Create | Knight ×5 |
| 23:53 | Create | Knight ×5 |
| 23:53 | Create | Knight ×5 |
| 23:54 | Create | Knight ×5 |
| 23:54 | Create | Knight ×5 |
| 23:54 | Create | Knight ×5 |
| 23:55 | Create | Knight ×5 |
| 23:55 | Create | Knight ×5 |
| 23:56 | Create | Knight ×5 |
| 23:56 | Create | Knight ×5 |
| 23:57 | Create | Knight ×2 |
| 24:32 | Create | Knight ×5 |
| 24:33 | Create | Knight ×5 |
| 24:33 | Create | Knight ×5 |
| 24:34 | Create | Knight ×5 |
| 24:34 | Create | Knight ×5 |
| 24:35 | Create | Knight ×5 |
| 24:35 | Create | Knight ×5 |
| 24:35 | Create | Knight ×5 |
| 24:36 | Create | Knight ×5 |
| 24:36 | Create | Knight ×5 |
| 24:37 | Create | Knight ×5 |
| 24:43 | Create | Knight |
| 24:43 | Create | Knight |
| 25:06 | Build | Stable |
| 25:08 | Build | Stable |
Build order — SirJb
29 actions detected in the replay
| 19:21 | Research | Bodkin Arrow |
| 19:24 | Research | Ballistics |
| 20:00 | Research | Leather Archer Armor |
| 20:01 | Research | Iron Casting |
| 20:04 | Research | Treadmill Crane |
| 20:06 | Research | Guard Tower (upgrade) |
| 20:07 | Research | Tech 908 |
| 20:09 | Research | Tech 909 |
| 21:07 | Research | Chain Mail Armor |
| 21:08 | Research | Chain Barding Armor |
| 23:17 | Research | Careening |
| 24:20 | Research | Bracer |
| 24:22 | Research | Chemistry |
| 24:24 | Research | Conscription |
| 24:29 | Research | Spies/Treason |
| 24:31 | Research | Elite Longbowman (upgrade) |
| 24:32 | Research | Yeomen |
| 24:33 | Research | Warwolf |
| 24:36 | Research | Ring Archer Armor |
| 24:37 | Research | Blast Furnace |
| 24:37 | Research | Plate Mail Armor |
| 24:38 | Research | Plate Barding Armor |
| 24:41 | Research | Keep (upgrade) |
| 24:42 | Research | Siege Engineers |
| 24:42 | Research | Dry Dock |
| 24:43 | Research | Tech 907 |
| 24:44 | Research | Shipwright |
| 24:44 | Research | Arrowslits |
| 25:29 | Research | Sappers |
Build order — Neurod Canon
2 actions detected in the replay
| 15:09 | Build | Stone Wall |
| 15:19 | Build | Gate |
Match timeline
| 5:55 | will · first_building Stable |
| 5:59 | Psyminds · first_building Stable |
| 5:59 | will · first_building Archery Range |
| 6:09 | Psyminds · first_building Archery Range |
| 6:56 | Psyminds · wall_segment Stone Wall x7 |
| 9:22 | Emilia LiL Uzi · first_building Stable |
| 10:43 | Aster · wall_segment Stone Wall x2 |
| 11:08 | Aster · wall_segment Stone Wall x4 |
| 11:59 | Aster · wall_segment Stone Wall x12 |
| 14:04 | Aster · first_building Stable |
| 14:31 | Aster · first_building Archery Range |
| 15:09 | Neurod Canon · wall_segment Stone Wall x14 |
| 19:47 | Neurod Canon · resign |
| 22:49 | Emilia LiL Uzi · wall_segment Stone Wall x26 |
| 25:41 | will · first_building Monastery |
| 26:02 | Emilia LiL Uzi · wall_segment Stone Wall x1 |
| 26:12 | Emilia LiL Uzi · wall_segment Stone Wall x1 |
| 27:29 | Jam_Boy · wall_segment Stone Wall x10 |
| 27:50 | Jam_Boy · first_building Archery Range |
[ AI ANALYSIS · 1 CREDIT ]
What really happened in this match?
Wolo.gg analyzes every decision: build order, eco, micro, common mistakes by bracket. Personalized analysis on WhatsApp or Discord in 30 seconds.
Civ guide
Mongols
Map guide
CBA_=REQUIEM=_V292 (Scenario)
Perfil
Jam_Boy